← All builds
Geo sea / Armada / Economy first / OBSERVED BUILD

Standard geo sea

Standard Geo sea play: bot lab then shipyard in the cove, an early submarine and destroyer to contest the sea, geothermal around 7:40 to fund the later fleet transition.

Usually shipyard in the cove (87%)

#naval #eco · 729 distinct matches · 101 players · 81% of Armada Geo sea games · team won 54% of 778 · Recently observed

HOW TO PLAY IT

Key timing: Shipyard by 3:13

  1. Open 3 mex and wind into Bot Lab.
  2. Put up Shipyard with naval turret and BP for defense.
  3. Send out "submarine" then "destroyer" to contest the sea.
  4. Bring geothermal online to fund the fleet.
  5. Add Advanced Metal Extractor as the economy transitions.

Phase by phase

TYPICAL OF ITS 729 GAMES
  1. 1
  2. 2
  3. 3
  4. 4
PLAY THE OPENING

Follow the example game's first 6:00 step by step: what to build now, what comes next, and where it goes. At 1× it keeps pace with your own game.

  1. 1

    Up to the Bot Lab

    Economy
    • Metal Extractor3Mex
    • Wind Turbine3Wind
    Order
    1. Bot LabBot Lab after 3 mex, 3 winddone ~1:12, middle half 1:06–1:18

    Some games also: wind for allies (44%)

    By 0:55 in all: 3 mex · 3 wind

    The example game in this phase · 4 steps
    1. Mex ×3
    2. Wind ×2
    3. Windfor Air
    4. Bot LabBot Labdone 1:17 · typical 1:12
  2. 2

    Bot Lab to Shipyard

    Economy
    • Metal Extractor1Mex
    • Wind Turbine1Wind
    Order
    1. ShipyardShipyard after 4 mex, 4 winddone ~3:11, middle half 2:50–3:36
    Builders
    • Construction Bot3 Con bot
    • Lazarus2 Lazarus

    Some games also: pawn (44%) · con turret (38%) · crossbow (35%)

    By 2:48 in all: 4 mex · 4 wind

    The example game in this phase · 5 steps
    1. Construction BotCon bot
    2. LazarusLazarus
    3. Construction BotCon bot
    4. LazarusLazarus
    5. ShipyardShipyarddone 2:30 · typical 3:11
  3. 3

    Shipyard to 5:00

    Economy
    • Metal Extractor4Mex
    • Wind Turbine1Wind
    Builders
    • Construction Ship1 Con ship
    Army
    • Dolphin3 Dolphin
    • Skater1 Skater
    • Corsair1 Destroyer
    Other
    • Radar Tower1 Radar Tower

    Some games also: Sentry (44%) · submarine (44%) · converter (32%) · con turret (31%) · pawn (31%)

    By 5:00 in all: 8 mex · 7 wind · 1 energy storage · 1 con turret

    The example game in this phase · 24 steps
    1. Mex
    2. LazarusLazarus
    3. SkaterSkater
    4. LazarusLazarus
    5. SkaterSkater
    6. PawnPawn
    7. EelSubmarinedone 3:13 · typical 4:22
    8. Mex
    9. Construction ShipCon ship ×2
    10. NettleNettle
    11. Mex
    12. DolphinDolphin
    13. Mex
    14. DolphinDolphin
    15. Radar TowerRadar Tower
    16. Energy storage
    17. DolphinDolphin
    18. Mex ×2
    19. DolphinDolphin
    20. Grim ReaperGrim Reaper
    21. Naval Radar / Sonar TowerNaval Radar / Sonar Tower
    22. Mex
    23. SkaterSkater
    24. Wind
  4. 4

    5:00 to 10:00

    Economy
    • Metal Extractor2Mex
    • Wind Turbine12Wind
    • Energy Converter2Converter
    Builders
    • Construction Turret1 Con turret
    • Construction Ship1 Con ship
    • Grim Reaper1 Grim Reaper
    Army
    • Sentry1 Sentry
    • Dolphin5 Dolphin
    • Corsair2 Destroyer
    • Skater2 Skater

    Some games also: Radar Tower (49%) · frigate (40%) · geo (40%) · Harpoon (39%) · Naval Construction Turret (33%)

    By 10:00 in all: 11 mex · 19 wind · 1 geo · 4 converter · 1 energy storage · 2 con turret

    The example game in this phase · 221 steps
    1. EelSubmarine
    2. Wind
    3. Mex
    4. DolphinDolphin
    5. Wind
    6. DolphinDolphin ×2
    7. Grim ReaperGrim Reaper
    8. SkaterSkater
    9. EelSubmarine
    10. CorsairDestroyerdone 6:54 · typical 5:35
    11. Wind
    12. Naval Metal Storage
    13. Naval Construction Turret
    14. Wind
    15. Mex ×2
    16. Wind
    17. Advanced Metal ExtractorT2 mexdone 7:55 · typical 9:17
    18. Naval Construction Turret
    19. Naval Radar / Sonar TowerNaval Radar / Sonar Tower
    20. Construction ShipCon ship
    21. Wind
    22. Bot LabBot Labdone 7:17
    23. Construction ShipCon ship
    24. Mex
    25. Tidal ×2
    26. Wind
    27. Construction BotCon bot
    28. Wind
    29. Tidal ×2
    30. Naval Radar / Sonar TowerNaval Radar / Sonar Tower
    31. Tidal
    32. Mex
    33. Tidal
    34. Construction BotCon bot
    35. Wind
    36. Tidal
    37. Wind
    38. Construction BotCon bot
    39. Tidal
    40. Advanced Metal ExtractorT2 mex
    41. Tidal
    42. Construction BotCon bot
    43. Tidal
    44. Wind
    45. Construction BotCon bot
    46. Wind
    47. Tidal ×2
    48. Construction BotCon bot ×2
    49. Wind ×2
    50. Tidal
    51. Construction BotCon bot
    52. Tidal
    53. Wind
    54. Geothermal PowerplantGeodone 9:47 · typical 7:45
    55. Wind
    56. Advanced Metal ExtractorT2 mex
    57. Tidal
    58. Wind ×2
    59. Tidal
    60. Wind ×2
    61. Advanced ShipyardAdvanced Shipyarddone 10:13
    62. Tidal
    63. Wind ×2
    64. Construction BotCon bot
    65. Tidal
    66. Advanced Metal ExtractorT2 mex
    67. Advanced Construction SubAdvanced Construction Sub
    68. Construction BotCon bot
    69. Wind ×2
    70. Con turret
    71. Tidal
    72. VoyagerVoyager
    73. Construction BotCon bot
    74. Wind
    75. Con turret
    76. Wind
    77. VoyagerVoyager
    78. Tidal
    79. Naval Advanced Metal ExtractorNaval Advanced Metal Extractordone 11:09
    80. Construction BotCon bot
    81. VoyagerVoyager
    82. Construction BotCon bot
    83. Con turret
    84. VoyagerVoyager
    85. Wind
    86. Tidal
    87. VoyagerVoyager
    88. Wind
    89. Advanced Metal ExtractorT2 mex
    90. Mex
    91. Naval Advanced Metal ExtractorNaval Advanced Metal Extractor
    92. Wind
    93. Tidal
    94. Radar TowerRadar Tower
    95. Con turret
    96. Wind
    97. SentrySentry
    98. HavenHaven
    99. Wind
    100. NettleNettle
    101. Tidal
    102. Wind ×3
    103. Dragon's TeethDragon's Teeth ×2
    104. BeholderBeholder
    105. Wind ×6
    106. Tidal
    107. SentrySentry
    108. Advanced Metal ExtractorT2 mex
    109. Wind ×2
    110. HavenHaven
    111. Wind
    112. Converter
    113. Wind
    114. Naval Advanced Metal ExtractorNaval Advanced Metal Extractor
    115. Wind ×3
    116. Converter
    117. Wind
    118. SentrySentry
    119. Naval Construction Turret
    120. Con turret
    121. Tidal
    122. Wind
    123. SentrySentry
    124. Wind ×4
    125. Tidal
    126. Wind ×2
    127. Naval Construction Turret
    128. Con turret
    129. Wind ×6
    130. Con turret
    131. Converter
    132. Wind
    133. PlatypusPlatypus
    134. Tidal
    135. Wind ×2
    136. HavenHaven
    137. Wind
    138. SentrySentry
    139. Wind ×3
    140. Converter
    141. PlatypusPlatypus
    142. Wind
    143. Converter
    144. Wind ×3
    145. Naval Advanced Metal ExtractorNaval Advanced Metal Extractor
    146. Tidal
    147. Wind
    148. Advanced Geothermal PowerplantAdvanced Geothermal Powerplantnot finished by 15:00
    149. Wind
    150. PlatypusPlatypus
    151. Wind
    152. Converter
    153. Wind ×2
    154. Con turret
    155. Wind
    156. SentrySentry
    157. PlatypusPlatypus
    158. Wind ×2
    159. Converter
    160. Tidal
    161. Wind
    162. SentrySentry
    163. PlatypusPlatypus
    164. Converter
    165. Wind ×4
    166. PlatypusPlatypus
    167. Wind
    168. Converter
    169. Wind ×3
    170. SentrySentry
    171. Tidal
    172. Naval Advanced Metal ExtractorNaval Advanced Metal Extractor
    173. Wind ×3
    174. PlatypusPlatypus
    175. Wind ×4
    176. Converter
    177. Mex
    178. Wind
    179. PlatypusPlatypus
    180. Wind ×3
    181. HavenHaven
    182. Wind
    183. Tidal
    184. Wind ×2
    185. Naval Construction Turret
    186. Wind
    187. Converter
    188. Wind ×3
    189. Mex
    190. Wind ×4
    191. PlatypusPlatypus
    192. Converter
    193. Wind
    194. PlatypusPlatypus
    195. Naval Advanced Metal ExtractorNaval Advanced Metal Extractor
    196. Wind ×2
    197. PlatypusPlatypus
    198. Tidal
    199. Wind
    200. Converter
    201. Wind ×2
    202. PlatypusPlatypus
    203. Converter ×2
    204. Wind ×2
    205. Con turret
    206. Wind ×2
    207. SentrySentry
    208. Wind ×2
    209. Tidal
    210. Wind ×2
    211. PlatypusPlatypus
    212. Wind ×4
    213. PlatypusPlatypus
    214. Converter ×2
    215. Wind ×4
    216. PlatypusPlatypus
    217. Wind
    218. Converter
    219. Mex
    220. Wind
    221. Converter ×2

Counts are medians over the build's games: half of them build more, half fewer. The example game is krtf's (43 OS, 19/09/2026); pick another.

Team trades

IN AT LEAST 30% OF ITS GAMES

You hand over

  • Wind Turbine2 Wind to Airfirst at 1:41 · in 62% of games

You get

  • Finch1 Finch from Airfirst at 1:51 · in 74% of games
  • Hercules1 Light transport from Airfirst at 2:05 · in 64% of games
  • Advanced Construction Bot1 T2 con bot from Techfirst at 7:42 · in 89% of games

How it plays out

Typical game of this build, running totals by minute

Metal produced

010k20k30k
0:005:0010:0015:00

metal

Enemy metal destroyed

05k10k
0:005:0010:0015:00

metal

Own metal lost

02.5k5k7.5k
0:005:0010:0015:00

metal

778 games.

Show as table
ByMetal produced: This buildEnemy metal destroyed: This buildOwn metal lost: This build
1:0039500
2:0092800
3:00160300
4:002928051
5:00414717574
6:005554541314
7:0071101004646
8:00877617711041
9:001068025461676
10:001296034962273
11:001570846933181
12:001869457873959
13:002186669234765
14:002559380275669
15:002907491296696
WHAT THE NUMBERS SAY

Standard Armada geo sea nearly matches Cortex's economy numbers but wins slightly more often at 53%.

  • + Metal produced reaches 28785 by 15:00, the highest of the sea builds
  • + Own metal lost of 6895 stays well under enemy metal destroyed's 9048
  • − Geothermal only lands in 58% of games by 7:34
  • − T2 factory completes in only 40% of games by 12:43
THE EXAMPLE YOU ARE READING

krtf

43.0 OS · 19/09/2026

Open source match ↗

8 received units · includes a constructor
13 metal received · 17399 energy received

Allied construction assistance is unknown. Timings are observations, not a promise of solo reproducibility.

Typical milestones

Bot Lab1:12Middle 50%: 1:06–1:18 · n=746
Shipyard3:11Middle 50%: 2:50–3:36 · n=767
Eel4:22Middle 50%: 3:41–5:34 · n=464
Corsair5:35Middle 50%: 4:50–6:34 · n=719
Geothermal Powerplant7:45Middle 50%: 6:47–9:10 · n=475
Advanced Metal Extractor9:17Middle 50%: 8:36–10:07 · n=680

Played most by

Optimusprimenutt52games of this buildKingBenjai49games of this build_X_48games of this buildhaaven42games of this buildHummell33games of this build